 Dungeon Crawl Stone Soup version 0.29.1 (webtiles) character file.

Game seed: 1242351592498286263

71 Ashen the Chiller (level 4, -2/32 HPs)
             Began as a Demonspawn Ice Elementalist on Sept 14, 2022.
             Slain by an orc wizard
             ... wielding a +0 dagger
              (4 damage)
             ... on level 3 of the Dungeon.
             The game lasted 00:05:10 (2164 turns).

Ashen the Chiller (Demonspawn Ice Elementalist)     Turns: 2164, Time: 00:05:11

Health: -2/32      AC:  3    Str:  8    XL:     4   Next: 5%
Magic:  0/7        EV: 12    Int: 18    God:
Gold:   136        SH:  3    Dex: 14    Spells: 6/7 levels left

rFire   . . .      SeeInvis .   e - staff of conjuration
rCold   . . .      Faith    .   k - +0 buckler
rNeg    . . .      Spirit   .   a - +0 robe
rPois   .          Reflect  .   (helmet restricted)
rElec   .          Harm     .   j - +0 cloak
rCorr   .          Rampage  .   (no gloves)
Will    .....                   (no boots)
Stlth   ++........              (no amulet)
HPRegen 0.10/turn               (no ring)
MPRegen 0.10/turn               (no ring)

@: very slightly contaminated, hasted, very quick
A: horns 1, demonic touch 1
a: no special abilities


You were on level 3 of the Dungeon.
You visited 1 branch of the dungeon, and saw 3 of its levels.

You collected 136 gold pieces.

Inventory:

Armour
 a - a +0 robe (worn)
 j - a +0 cloak (worn)
 k - a +0 buckler (worn)
Magical Staves
 e - a staff of conjuration (weapon)
Scrolls
 d - a scroll of immolation {unknown}
 g - 2 scrolls of identify {unknown}
 h - a scroll of teleportation {unknown}
 l - a scroll of magic mapping {unknown}
 m - 2 scrolls of amnesia {unknown}
 n - a scroll of summoning {unknown}
Potions
 b - a potion of magic
 c - a potion of curing {unknown}
 f - a potion of attraction {unknown}
 i - 2 potions of haste


   Skills:
 + Level 1.3 Fighting
 + Level 2.2 Dodging
 + Level 2.4 Stealth
 + Level 0.5 Shields
 + Level 2.4 Spellcasting
 + Level 0.3 Conjurations
 + Level 3.9 Ice Magic


You had 6 spell levels left.
You knew the following spells:

 Your Spells              Type           Power      Damage    Failure   Level
a - Freeze                Ice            64%        1d8       4%          1

Your spell library contained the following spells:

 Spells                   Type           Power      Damage    Failure   Level
 Frozen Ramparts          Ice            32%        1d5       14%         3
 Ozocubu's Armour         Ice            16%        N/A       14%         3
 Summon Small Mammal      Summ           8%         N/A       24%         1
 Call Canine Familiar     Summ           2%         N/A       56%         3
 Summon Guardian Golem    Hex/Summ       2%         N/A       56%         3
 Hailstorm                Conj/Ice       14%        3d5       69%         4


Dungeon Overview and Level Annotations

Branches:
Dungeon (3/15)

Altars:
Okawaru

Shops:
D:2 (


Innate Abilities, Weirdness & Mutations

You have a pair of small horns on your head.
Your touch may inflict minor irresistible damage on your foes.


Message History

Confirm with . or Enter, or press ? or * to list all spells.
Aiming: Freeze (safe; 4% risk of failure)
Press: ? - help, Shift-Dir - straight line, f - orc
Aim: an orc, wielding a +0 hand axe and wearing a +0 ring mail You freeze the orc.
The orc is severely wounded.
The ball python hisses angrily.
You block something's attack. The orc barely misses you. Something hits you.
Things that are here:
a +0 hand axe; a hobgoblin corpse Something hits you but does no damage.
The orc shouts!
You hit the orc but do no damage. You headbutt the orc.
The orc is almost dead.
The orc hits you with a +0 hand axe.
You barely miss the orc.
The orc is almost dead.
You block the orc's attack.
You barely miss the orc.
The orc is almost dead.
The orc barely misses you.
You barely miss something.
You hear some strange, mumbled words.
A magic dart appears from out of thin air!
The magic dart hits you!
* * * LOW HITPOINT WARNING * * *
Unknown command.
Casting: Freeze (safe; 4% risk of failure)
Confirm with . or Enter, or press ? or * to list all spells.
Okay, then.
Casting: Freeze (safe; 4% risk of failure)
Confirm with . or Enter, or press ? or * to list all spells.
Aiming: Freeze (safe; 4% risk of failure)
Press: ? - help, Shift-Dir - straight line You miscast Freeze.
You are very lightly contaminated with residual magic.
Nothing appears to happen.
Something hits you but does no damage.
It was a potion of haste.
You feel yourself speed up. Something hits you.
You die...

#.# .. .. ###
#. ...
#####.###.#####
..S....o.......
#.)o# #####{#
#.<.@.# #######


You could see 2 orcs.

Vanquished Creatures
  An adder (D:2)
  2 worms (D:2)
  3 dart slugs
  3 orcs
  3 bats
  3 endoplasms
  A giant cockroach (D:2)
  4 goblins
  7 hobgoblins
  4 jackals (D:1)
  3 kobolds
  3 quokkas
  3 ball pythons (D:1)
  A frilled lizard (D:1)
  2 rats (D:2)
43 creatures vanquished.

Notes
Turn   | Place    | Note
-------+----------+-------------------------------------------
     0 | D:1      | Ashen the Demonspawn Ice Elementalist began the quest for
                  | the Orb.
     0 | D:1      | Reached XP level 1. HP: 13/13 MP: 3/3
   306 | D:1      | Discovered your monstrous ancestry.
   306 | D:1      | Gained mutation: Your touch may inflict minor irresistible
                  | damage on your foes. [demonic ancestry]
   306 | D:1      | Reached XP level 2. HP: 20/20 MP: 1/5
  1093 | D:1      | Reached skill level 1 in Fighting
  1186 | D:2      | Reached XP level 3. HP: 26/26 MP: 1/6
  1269 | D:2      | Found an iron altar of Okawaru.
  1686 | D:2      | Found Ykuosot's Weapon Emporium.
  2145 | D:3      | Gained mutation: You have a pair of small horns on your
                  | head. [demonic ancestry]
  2145 | D:3      | Reached XP level 4. HP: 26/32 MP: 5/7
  2164 | D:3      | Slain by an orc wizard

Illustrated notes

Levels and vault maps discovered:
D:1:      dpeg_arrival_rooms_with_view, layout_loops_ring
D:2:      layout_basic, serial_shops, nicolae_shop_stone, basic_altar
D:3:      layout_basic, nzn_hepliaklqana_mist_gate, minivault_24

Skill      XL: |  1  2 |
---------------+-------+-----
Stealth        | 2 |  2.4
Dodging        | 2 |  2.2
Fighting       | 1 |  1.3
Shields        | |  0.5
Spellcasting   | |  2.4
Conjurations   | |  0.3
Ice Magic      | |  3.9

Action                   |  1- 3 |  4- 6 || total
-------------------------+-------+-------++-------
Melee: Unarmed           |    13 |       ||    13
       Staff             |    30 |     7 ||    37
       Touch             |     4 |       ||     4
       Punch             |     1 |       ||     1
       Headbutt          |       |     2 ||     2
 Cast: Freeze            |    56 |     6 ||    62
  Use: Potion            |       |     1 ||     1
 Stab: Sleeping          |     4 |       ||     4
Armor: Robe              |    14 |     3 ||    17
Dodge: Dodged            |    49 |     3 ||    52
Block: Buckler           |     2 |     2 ||     4
